 Dungeon Crawl Stone Soup version 0.20.1-1-g8b1a95d (webtiles) character file.

92 galech the Ruffian (level 4, -3/44 HPs)
             Began as a Troll Monk on Aug 30, 2017.
             Slain by Crazy Yiuf
             ... wielding a +3 quarterstaff of chaos
              (4 damage)
             ... on level 2 of the Dungeon.
             The game lasted 00:01:48 (1343 turns).

galech the Ruffian (Troll Monk)                     Turns: 1343, Time: 00:01:49

Health: -3/44      AC:  5    Str: 20    XL:     4   Next: 35%
Magic:  3/3        EV: 11    Int:  6    God:
Gold:   38         SH:  0    Dex: 12    Spells: 3/3 levels left

rFire    . . .     SeeInvis .     - Unarmed
rCold    . . .     Gourm    +   (no shield)
rNeg     . . .     Faith    .   a - +0 robe
rPois    .         Spirit   .   (helmet restricted)
rElec    .         Reflect  .   (no cloak)
rCorr    .         Harm     .   (gloves unavailable)
MR       .....                  (boots unavailable)
Stlth    ++........             (no amulet)
Regen    0.6/turn               (no ring)
MPRegen  0.1/turn               (no ring)

@: very slightly contaminated, invisible
A: unfitting armour, claws 3, fast metabolism 3, gourmand, regeneration 1,
shaggy fur 1, tough skin 2
a: no special abilities


You were on level 2 of the Dungeon.
You were completely stuffed.

You visited 1 branch of the dungeon, and saw 2 of its levels.

You collected 38 gold pieces.

Inventory:

Armour
 a - a +0 robe (worn)
Scrolls
 d - 4 scrolls of teleportation {unknown}
 e - 5 scrolls of recharging {unknown}
 g - a scroll of fear {unknown}
 h - 6 scrolls of remove curse {unknown}
 l - 2 scrolls of identify {unknown}
Potions
 c - 2 potions of curing {unknown}
 f - a potion of haste {unknown}
 k - 2 potions of flight {unknown}
Comestibles
 b - 3 bread rations
 i - 6 fruits
 j - 3 chunks of flesh
 m - a royal jelly


   Skills:
 + Level 2.7 Fighting
 + Level 3.2 Dodging
 + Level 1.1 Stealth
 + Level 4.1 Unarmed Combat


You had 3 spell levels left.
You didn't know any spells.

Dungeon Overview and Level Annotations

Branches:
Dungeon (2/15)

Altars:

Annotations:
D:2 Crazy Yiuf


Innate Abilities, Weirdness & Mutations

You are too large for most types of armour.
You have claws for hands.
Your metabolism is lightning-fast.
You like to eat raw meat.
Your natural rate of healing is unusually fast.
You are covered in fur. (AC +1)
You have very tough skin. (AC +2)


Message History

You open the door.
Crazy Yiuf the Enlightened comes into view.
He is wielding a quarterstaff of chaos.
Found a runed mace.
Crazy Yiuf shouts!
There is an open door here.
Crazy Yiuf hits you with a quarterstaff of chaos.
You are electrocuted!
You barely miss Crazy Yiuf. Crazy Yiuf closely misses you.
You barely miss Crazy Yiuf. Crazy Yiuf barely misses you.
You closely miss Crazy Yiuf.
Crazy Yiuf hits you with a quarterstaff of chaos!
* * * LOW HITPOINT WARNING * * *
You fade into invisibility!
You are very lightly contaminated with residual magic.
You claw Crazy Yiuf!
Crazy Yiuf is severely wounded.
Crazy Yiuf hits you with a quarterstaff of chaos!
* * * LOW HITPOINT WARNING * * *
Crazy Yiuf freezes you.
You die...

......'.........'.....##
#####.#.........#####..#
#.#.........# ##.#
#.########### #.# #.#
#.## ###### #.##♣♣♣♣♣
#..# #.....
#..#..♣.♣♣♣##### ##.#
#..... ##......♣..♣#...#
#.# #.....
####......♣♣♣♣.'@g.#
##.## #).... ..##...#.♣♣
♣♣#..)# #...###...).
......##♣♣ #####
#........... ..#####
#....##..... ..#
#....##.....
#############
######....##.....
#........#
#.........##.....
#........#
#.....###........
#....##'######.....#
##.##+###


You could see Crazy Yiuf.

Vanquished Creatures
  Jessica (D:2)
  3 adders (D:2)
  An ooze (D:1)
  4 leopard geckos
  6 bats
  2 giant cockroaches
  A goblin (D:2)
  2 hobgoblins (D:1)
  A quokka (D:2)
  A ball python (D:1)
  3 frilled lizards
  5 kobolds
  5 rats
35 creatures vanquished.

Notes
Turn   | Place    | Note
-------+----------+-------------------------------------------
     0 | D:1      | galech the Troll Monk began the quest for the Orb.
     0 | D:1      | Reached XP level 1. HP: 22/22 MP: 0/0
   266 | D:1      | Reached XP level 2. HP: 25/29 MP: 1/1
   750 | D:2      | Noticed Jessica
   756 | D:2      | Killed Jessica
   756 | D:2      | Reached XP level 3. HP: 24/36 MP: 2/2
   803 | D:2      | Reached skill level 4 in Unarmed Combat
   803 | D:2      | Reached XP level 4. HP: 44/44 MP: 3/3
  1333 | D:2      | Found a runed door.
  1337 | D:2      | Noticed Crazy Yiuf
  1343 | D:2      | HP: 1/44 [Crazy Yiuf/quarterstaff of chaos (11)]
  1343 | D:2      | Slain by Crazy Yiuf

Skill      XL: |  1  2  3 |
---------------+----------+-----
Dodging        | 3 |  3.2
Unarmed Combat | 4 |  4.1
Fighting       | |  2.7
Stealth        | |  1.1

Action                   |  1- 3 |  4- 6 || total
-------------------------+-------+-------++-------
Melee: Unarmed           |    55 |    24 ||    79
       Punch             |       |     1 ||     1
 Stab: Sleeping          |       |     3 ||     3
  Eat: Chunk             |    13 |     5 ||    18
Armor: Robe              |    25 |    11 ||    36
Dodge: Dodged            |    36 |    18 ||    54
